 Dungeon Crawl Stone Soup version 0.21.1-1-g345015f (webtiles) character file.

4 garbagetei the Digger (level 1, -3/10 HPs)
             Began as a Gargoyle Earth Elementalist on Feb 7, 2018.
             Killed from afar by a dart slug (5 damage)
             ... with a slug dart
             ... on level 1 of the Dungeon.
             The game lasted 00:00:55 (140 turns).

garbagetei the Digger (Gargoyle Earth Elementalist)  Turns: 140, Time: 00:00:56

Health: -3/10      AC:  4    Str: 11    XL:     1   Next: 70%
Magic:  3/3        EV: 12    Int: 15    God:
Gold:   26         SH:  0    Dex: 10    Spells: 3/4 levels left

rFire    . . .     SeeInvis .   h - +0 club
rCold    . . .     Gourm    .   (no shield)
rNeg     + . .     Faith    .   c - +0 robe
rPois    ∞         Spirit   .   (no helmet)
rElec    +         Reflect  .   (no cloak)
rCorr    .         Harm     .   (no gloves)
MR       .....                  (no boots)
Stlth    ++........             (no amulet)
HPRegen  0.03/turn              (no ring)
MPRegen  0.08/turn              (no ring)

@: no status effects
A: negative energy resistance 1, electricity resistance, unbreathing,
petrification resistance, rot immunity, AC +2
a: no special abilities


You were on level 1 of the Dungeon.
You were not hungry.

You visited 1 branch of the dungeon, and saw 1 of its levels.

You collected 26 gold pieces.

Inventory:

Hand Weapons
 h - a +0 club (weapon)
Missiles
 b - 26 stones (quivered)
Armour
 a - a +0 shield
 c - a +0 robe (worn)
Scrolls
 g - a scroll of identify {unknown}
Potions
 i - a potion of curing {unknown}
 j - a potion of ambrosia {unknown}
Books
 e - a book of Geomancy

   Spells                             Type                      Level
   a - Sandblast                      Earth                        1
   b - Passwall                       Transmutation/Earth          2
   c - Stone Arrow                    Conjuration/Earth            3
   d - Petrify                        Transmutation/Earth          4
   e - Lee's Rapid Deconstruction     Earth                        5
Comestibles
 d - 2 rations
 f - a chunk of flesh


   Skills:
 + Level 0.2 Fighting
 + Level 0.1 Armour
 - Level 1.5 Dodging
 - Level 2.1 Stealth
 + Level 0.2 Shields
 * Level 2.1 Spellcasting
   Level 0.7 Transmutations
 * Level 3.7 Earth Magic


You had 3 spell levels left.
You knew the following spells:

 Your Spells              Type           Power        Failure   Level  Hunger
a - Sandblast             Erth           ##....       4%          1    #......


Dungeon Overview and Level Annotations

Branches:
Dungeon (1/15)

Altars:


Innate Abilities, Weirdness & Mutations

You are resistant to torment.
Your stone body is resilient. (AC +2)
You are immune to poison.
You resist negative energy. (rN+)
You are resistant to electric shocks. (rElec)
You can survive without breathing.
You are immune to petrification.
You are immune to rotting.


Message History

The dart slug launches a dart at you. The slug dart misses you.
A rat comes into view.
You completely miss the dart slug.
The dart slug is severely wounded.
The dart slug misses you.
You hit the dart slug but do no damage.
The dart slug is severely wounded.
The leopard gecko closely misses you. The leopard gecko bites you.
The dart slug bites you but does no damage.
You are too injured to fight recklessly!
You closely miss the leopard gecko.
The leopard gecko closely misses you. x2
You barely miss the leopard gecko. The leopard gecko bites you.
* * * LOW HITPOINT WARNING * * *
Unknown command.
The leopard gecko bites you but does no damage.
The dart slug launches a dart at you. The slug dart hits you!
Ouch! That really hurt!
You die...

#######.....##.#####.#
##.## #.
.##.............###...###.
#.##....#..........)......
#..##...#.####..###...###.
#...##....####..####.## #.
#....##..............# #.
#...r.########..###### #.
#...w#######..#########.
#...#l@................
##..r.#################
#..w## #...##.# ....# ###
####


You could see a dart slug, a leopard gecko and a rat.

Vanquished Creatures
  2 hobgoblins (D:1)
  A kobold (D:1)
  2 rats (D:1)
5 creatures vanquished.

Notes
Turn   | Place    | Note
-------+----------+-------------------------------------------
     0 | D:1      | garbagetei the Gargoyle Earth Elementalist began the quest for the Orb.
     0 | D:1      | Reached XP level 1. HP: 10/10 MP: 3/3
     3 | D:1      | Noticed a spriggan
     8 | D:1      | Noticed a minotaur skeleton
    13 | D:1      | Noticed a naga
    21 | D:1      | Noticed a draconian
    21 | D:1      | Noticed a naga
    23 | D:1      | Noticed a vampire
    25 | D:1      | Noticed a minotaur zombie
   140 | D:1      | Killed from afar by a dart slug

Action                   || total
-------------------------++-------
Melee: Club              ||    12
 Cast: Sandblast         ||     4
 Stab: Sleeping          ||     1
Armor: Robe              ||     3
Dodge: Dodged            ||    10
